 Dungeon Crawl Stone Soup version 0.18-a0-1323-g706dcef (webtiles) character file.

4 Ratboiler the Magician (level 1, 0/10 HPs)
             Began as a Deep Elf Wanderer on Feb 15, 2016.
             Slain by a hobgoblin (5 damage)
             ... on level 1 of the Dungeon.
             The game lasted 00:00:47 (71 turns).

Ratboiler the Magician (Deep Elf Wanderer)            Turns: 71, Time: 00:00:47

Health: 0/10       AC:  2    Str:  8    XL:     1   Next: 50%
Magic:  0/7        EV: 11    Int: 18    God:
Gold:   0          SH:  0    Dex: 13    Spells: 2 memorised, 6 levels left

rFire  . . .     SeeInvis .     e - +0 dagger
rCold  . . .     Gourm    .     d - +0 robe
rNeg   . . .     Faith    .     (no shield)
rPois  .         Spirit   .     (no helmet)
rElec  .         Dismiss  .     (no cloak)
rCorr  .         Reflect  .     (no gloves)
SustAt .         Harm     .     (no boots)
MR     .....                    (no amulet)
Stlth  +.........               (no ring)
                                (no ring)

@: not resistant to hostile enchantments, very unstealthy
A: no striking features
a: no special abilities


You were on level 1 of the Dungeon.
You were not hungry.

You visited 1 branch of the dungeon, and saw 1 of its levels.

Inventory:

Hand Weapons
 e - a +0 dagger (weapon)
Armour
 d - a +0 robe (worn)
Scrolls
 g - a scroll of remove curse {unknown}
Potions
 c - a potion of curing
Books
 a - a book of Minor Magic

   Spells                             Type                      Level
   a - Magic Dart                     Conjuration                  1
   b - Blink                          Translocation                2
   c - Call Imp                       Summoning                    2
   d - Repel Missiles                 Charms/Air                   2
   e - Slow                           Hexes                        2
   f - Conjure Flame                  Conjuration/Fire             3
   g - Mephitic Cloud                 Conjuration/Poison/Air       3
 b - the Guide on Black Magic

   Spells                             Type                      Level
   a - Animate Skeleton               Necromancy                   1
   b - Regeneration                   Charms/Necromancy            3
Comestibles
 f - a bread ration
 h - a chunk of flesh


   Skills:
 - Level 1.0 Throwing
 - Level 4.4 Spellcasting
 + Level 1.2 Conjurations
   Level 2.6 Hexes
   Level 3.2 Fire Magic
   Level 1.1 Evocations


You had 6 spell levels left.
You knew the following spells:

 Your Spells              Type           Power        Failure   Level  Hunger
a - Magic Dart            Conj           #...         12%         1    None
b - Animate Skeleton      Necr           N/A          14%         1    None


Dungeon Overview and Level Annotations

Branches:
Dungeon (1/15)

Altars:


Message History

You kill the goblin!
Your Conjurations skill increases to level 1!
Your ball python skeleton bites the hobgoblin but does no damage.
Your ball python skeleton grabs the hobgoblin.
Your ball python skeleton constricts the hobgoblin.
You see here a bat corpse.
You hit the hobgoblin but do no damage.
Your rat skeleton bites the hobgoblin but does no damage.
Your ball python skeleton bites the hobgoblin but does no damage.
Your ball python skeleton constricts the hobgoblin.
The hobgoblin hits you.
Ouch! That really hurt!
You hit the hobgoblin.
The hobgoblin is heavily wounded.
Your rat skeleton bites the hobgoblin but does no damage.
Your ball python skeleton bites the hobgoblin but does no damage.
Your ball python skeleton constricts the hobgoblin.
The hobgoblin hits you.
Ouch! That really hurt!
You die...

#...# ......###....
##'### ..........g.
.....##### ..........
.....#...# #........
..⌠..'.8.# #......#
.....#...# #......#
.....##### #.Z....#
##'### #.Zg...#
#.############.@..###
#.................#
###################


You could see a hobgoblin, a goblin, a friendly ball python skeleton and a
friendly rat skeleton.

Vanquished Creatures
  A goblin (D:1)
  A ball python (D:1)
  A bat (D:1)
  A rat (D:1)
4 creatures vanquished.

Vanquished Creatures (collateral kills)
  A ball python (D:1)
1 creature vanquished.

Grand Total: 5 creatures vanquished

Notes
Turn   | Place    | Note
--------------------------------------------------------------
     0 | D:1      | Ratboiler the Deep Elf Wanderer began the quest for the Orb.
     0 | D:1      | Ratboiler set off with: a book of Minor Magic, the Guide on Black Magic, a potion of curing, a +0 robe, a +0 dagger, a bread ration
     0 | D:1      | Reached XP level 1. HP: 10/10 MP: 7/7
     0 | D:1      | Identified the Guide on Black Magic
     2 | D:1      | Learned a level 1 spell: Magic Dart
     4 | D:1      | Learned a level 1 spell: Animate Skeleton
    68 | D:1      | Reached skill level 1 in Conjurations
    71 | D:1      | Slain by a hobgoblin

Vault maps used:
D:1:      minmay_arrival_stair_chambers

Action                   || total
-------------------------++-------
Melee: Dagger            ||     6
 Cast: Magic Dart        ||     6
       Animate Skeleton  ||     2
 Stab: Distracted        ||     1
